 Dungeon Crawl Stone Soup version 0.26.1-2-gb8aa6d0cf2 (webtiles) character file.

Game seed: 7635453907645660848

4421 H0rd4k the Slicer (level 10, -4/74 HPs)
             Began as a Human Artificer on Mar 17, 2021.
             Slain by a gargoyle
             ... wielding a +0 dire flail
              (19 damage)
             ... on level 7 of the Dungeon.
             The game lasted 00:14:17 (11981 turns).

H0rd4k the Slicer (Human Artificer)                Turns: 11981, Time: 00:14:17

Health: -4/74      AC: 17    Str: 14    XL:     10   Next: 62%
Magic:  10/10      EV:  9    Int: 13    God:
Gold:   240        SH:  0    Dex: 14    Spells: 9/9 levels left

rFire    . . .     SeeInvis +   y - +2 short sword (elec)
rCold    + . .     Faith    .   (no shield)
rNeg     . . .     Spirit   .   I - +5 chain mail of Hoifylew {rElec rC+ SInv}
rPois    .         Reflect  .   i - +1 helmet
rElec    +         Harm     .   (no cloak)
rCorr    +         Rampage  .   (no gloves)
Will     .....                  (no boots)
Stlth    ..........             F - amulet of the acrobat
HPRegen  0.22/turn              x - ring of resist corrosion
MPRegen  0.12/turn              G - ring of wizardry

@: no status effects
A: no striking features
a: no special abilities


You were on level 7 of the Dungeon.
You visited 2 branches of the dungeon, and saw 10 of its levels.

You collected 534 gold pieces.
You spent 294 gold pieces at shops.

Inventory:

Hand Weapons
 a - the +6 trident of the Blind Eye {vorpal, rC+ Dex+3}
   (You found it on level 6 of the Dungeon)

   It inflicts extra damage upon your enemies.
   It affects your dexterity (+3).
   It protects you from cold.
 g - a +0 short sword of protection
 y - a +2 short sword of electrocution (weapon)
 K - a +0 dagger of holy wrath
Missiles
 l - 31 poisoned darts
Armour
 b - a +1 leather armour
 i - a +1 helmet (worn)
 H - +1 steam dragon scales
 I - the +5 chain mail of Hoifylew (worn) {rElec rC+ SInv}
   (You bought it in a shop on level 7 of the Dungeon)

   It protects you from cold.
   It insulates you from electricity.
   It lets you see invisible.
Jewellery
 h - an uncursed ring of flight
 p - a +4 ring of evasion
 t - an uncursed ring of protection from cold
 x - a ring of resist corrosion (left hand)
 F - an amulet of the acrobat (around neck)
 G - a ring of wizardry (right hand)
Wands
 c - a wand of flame (23) (quivered)
 e - a wand of random effects (2)
 J - a wand of digging (4)
Scrolls
 f - 2 scrolls of fear
 j - a scroll of amnesia
 k - a scroll of fog
 m - a scroll of enchant armour
 n - 2 scrolls of remove curse
 r - 7 scrolls of teleportation {unknown}
 w - a scroll of blinking {unknown}
 z - 9 scrolls of identify
 A - 2 scrolls of immolation {unknown}
Potions
 d - 2 potions of lignification {unknown}
 o - 4 potions of attraction
 q - 3 potions of flight {unknown}
 s - 3 potions of might
 u - a potion of mutation
 v - 3 potions of heal wounds {unknown}
 B - a potion of ambrosia {unknown}
 C - a potion of haste {unknown}
 D - a potion of cancellation {unknown}
 E - 2 potions of degeneration {unknown}


   Skills:
 + Level 5.4 Fighting
 + Level 9.0 Short Blades
 + Level 5.1 Armour
 + Level 6.1 Dodging
 + Level 5.3 Stealth
 + Level 5.7 Evocations


You had 9 spell levels left.
You didn't know any spells.
Your spell library contained the following spells:

 Spells                   Type           Power        Failure   Level
 Animate Skeleton         Necr           0%           92%         1
 Apportation              Tloc           0%           92%         1
 Corona                   Hex            0%           92%         1
 Summon Small Mammal      Summ           0%           92%         1


Dungeon Overview and Level Annotations

Branches:
Dungeon (9/15)             Temple (1/1) D:4
   Lair: D:8-11         Orc: D:9-12

Altars:
Ashenzari
Cheibriados
Dithmenos
Elyvilon
Fedhas
Hepliaklqana
Kikubaaqudgha
Makhleb
Nemelex Xobeh
Okawaru
Qazlal
Sif Muna
Trog
Uskayaw
Vehumet
Xom
Zin

Shops:
D:7 [

Annotations:
D:5 exclusion: downstairs
D:7 Dowan, Duvessa


Message History

You hit the gargoyle but do no damage.
The gargoyle is lightly damaged.
The gargoyle hurls a stone arrow at you.
The stone arrow hits you!
You hit the gargoyle but do no damage.
The gargoyle is lightly damaged.
The gargoyle hits you with a +0 dire flail!
* * * LOW HITPOINT WARNING * * *
As you read the scroll labelled YROESO XOUMP, it crumbles to dust.
It is a scroll of amnesia.
You feel forgetful for a moment.
The gargoyle hits you but does no damage.
Unknown command.
As you read the scroll labelled TUUXZA DAHING, it crumbles to dust.
You assume a fearsome visage.
The gargoyle is unaffected.
It was a scroll of fear.
As you read the scroll labelled JUT CYUVVIS, it crumbles to dust.
The scroll dissolves into smoke.
It was a scroll of fog.
The gargoyle hits you with a +0 dire flail!!
You die...

..####.#............#...###.####.
.###........#..####.#......#####
.######.......## ##.#...#......#
.#.....))##.#.# #..........#..#
.#.#####.##.#.####.............#
.#......)##.#.......####.####..#
.######..##.######..##.....##..#
.# ##.##.######§.#.......#..# ##
#.......9@§§.#.......#..# #
##......§§#......_......# #
#.#.####§...#.......#..# # #†###
###..#.......#.## # #.#
#..##.....##.# #########.#
#####..####.####.#
#.......#.#...................#
#.......#.#.............#######
..#######.########.######


You could see a gargoyle.

Vanquished Creatures
  Pikel (D:7)
  Maggie (D:6)
  Prince Ribbit (D:8)
  A wyvern (D:8)
  Eustachio (D:6)
  Menkaure (D:6)
  3 orc warriors
  An ice beast (D:7)
  A black bear (D:5)
  2 sky beasts
  5 ogres
  3 centaurs
  3 bullfrogs
  A scorpion (D:5)
  4 killer bees (D:8)
  4 wights
  A bullfrog zombie (D:4)
  2 orc priests
  A jelly (D:7)
  7 orc wizards
  2 bullfrog skeletons
  4 hounds
  2 iguanas
  8 worker ants
  2 worker ant zombies
  5 gnolls
  7 adders
  2 howler monkey skeletons
  A shadow imp (D:8)
  An ufetubus (D:5)
  An ooze (D:4)
  4 worms
  2 dart slugs
  5 leopard geckos
  32 orcs
  2 ball pythons
  8 bats
  8 giant cockroaches
  8 goblins
  12 hobgoblins
  5 jackals
  15 kobolds
  4 quokkas
  7 frilled lizards
  A leopard gecko zombie (D:7)
  A quokka zombie (D:5)
  11 rats
204 creatures vanquished.

Vanquished Creatures (collateral kills)
  A wight (D:5)
  2 orc priests
  A white imp (D:6)
  4 orcs
  A quokka (D:6)
9 creatures vanquished.

Vanquished Creatures (others)
  A wight (D:5)
  An orc wizard (D:6)
  A gnoll (D:2)
  7 withered plants (D:5)
10 creatures vanquished.

Grand Total: 223 creatures vanquished

Notes
Turn   | Place    | Note
-------+----------+-------------------------------------------
     0 | D:1      | H0rd4k the Human Artificer began the quest for the Orb.
     0 | D:1      | Reached XP level 1. HP: 15/15 MP: 1/1
   155 | D:1      | Reached XP level 2. HP: 2/21 MP: 2/2
   756 | D:1      | Reached XP level 3. HP: 20/26 MP: 3/3
  1621 | D:2      | Reached skill level 1 in Short Blades
  1621 | D:2      | Reached XP level 4. HP: 22/32 MP: 4/4
  1812 | D:2      | Found a glowing silver altar of Zin.
  2386 | D:3      | Reached skill level 2 in Short Blades
  2386 | D:3      | Reached XP level 5. HP: 27/37 MP: 5/5
  4079 | D:3      | Found a shimmering blue altar of Sif Muna.
  4574 | D:4      | Reached XP level 6. HP: 44/44 MP: 6/6
  4612 | D:4      | Reached skill level 3 in Short Blades
  4726 | D:4      | Found a staircase to the Ecumenical Temple.
  4760 | D:4      | Noticed an ogre
  4791 | D:4      | Killed an ogre
  4792 | D:4      | Reached XP level 7. HP: 32/50 MP: 7/7
  4821 | Temple   | Entered the Ecumenical Temple
  5333 | D:4      | Found a white marble altar of Elyvilon.
  5474 | D:5      | Entered Level 5 of the Dungeon
  5568 | D:5      | HP: 2/45 [wight/cursed +0 morningstar (1)]
  5910 | D:5      | Reached skill level 4 in Short Blades
  6306 | D:5      | Found an iron altar of Okawaru.
  6462 | D:5      | Found a hide-covered altar of Uskayaw.
  6475 | D:5      | Reached XP level 8. HP: 18/57 MP: 8/8
  6911 | D:5      | Reached skill level 5 in Short Blades
  6916 | D:6      | HP: 2/58 [orc priest/nerve-wracking pain (5)]
  6961 | D:6      | Noticed Menkaure
  7197 | D:6      | Killed Menkaure
  7330 | D:5      | Found an ancient bone altar of Kikubaaqudgha.
  7782 | D:6      | Killed an orc warrior
  7823 | D:6      | Got a warped trident
  7859 | D:6      | Noticed Maggie
  7859 | D:6      | Noticed Eustachio
  7885 | D:5      | Reached skill level 6 in Short Blades
  7885 | D:5      | Reached XP level 9. HP: 60/65 MP: 9/9
  8282 | D:6      | Killed Maggie
  8283 | D:6      | Reached skill level 5 in Dodging
  8283 | D:6      | Reached skill level 5 in Evocations
  8632 | D:6      | Killed Eustachio
  9008 | D:6      | Reached skill level 7 in Short Blades
  9231 | D:6      | Identified the +6 trident of the Blind Eye {vorpal, rC+
                  | Dex+3} (You found it on level 6 of the Dungeon)
  9286 | D:7      | Found a stormy altar of Qazlal.
  9577 | D:7      | Noticed Duvessa
  9577 | D:7      | Noticed Dowan
  9804 | D:7      | Noticed Pikel
  9807 | D:7      | Noticed a gargoyle
  9840 | D:7      | Killed Pikel
  9841 | D:7      | Reached skill level 5 in Fighting
  9841 | D:7      | Reached XP level 10. HP: 7/74 MP: 10/10
  9851 | D:8      | Noticed Prince Ribbit
  9852 | D:8      | Killed Prince Ribbit
  9853 | D:8      | Reached skill level 8 in Short Blades
  9853 | D:8      | Reached skill level 5 in Armour
 10372 | D:8      | Reached skill level 5 in Stealth
 11191 | D:7      | Found Jyasapn's Antique Armour Boutique.
 11197 | D:7      | Bought a masterwork chain mail for 294 gold pieces
 11208 | D:7      | Identified the +5 chain mail of Hoifylew {rElec rC+ SInv}
                  | (You bought it in a shop on level 7 of the Dungeon)
 11584 | D:7      | Reached skill level 9 in Short Blades
 11981 | D:7      | Slain by a gargoyle

Illustrated notes

Levels and vault maps discovered:
D:1:      mainiacjoe_arrival_reflecting_pool, layout_rooms
D:2:      layout_loops_ring, zin_academy
D:3:      layout_loops_corners, marbit_many_paths, bh_walls_and_bars
D:4:      layout_rooms, elyvilon_altar_3, minmay_temple_entry_trees,
          minmay_vboxes
D:5:      kennysheep_six_static_rooms, layout_loops_cross,
          nicolae_overflow_crystal_walls, kiku_gazebo_garden_becter,
          lemuel_crystal_altar, minivault_14
D:6:      layout_basic, uniq_maggie, uniq_eustachio, uniq_menkaure
D:7:      layout_loops_ring, kennysheep_mini_moat, old_standard_altar,
          serial_co_window_serial, co_window_of_opportunity_a,
          co_window_paths_a, co_window_corner_a, co_window_paths_a,
          co_window_of_opportunity_a, co_window_corner_a, co_window_paths_b,
          co_window_corner_a, co_window_of_opportunity_a, co_window_broadway_a,
          co_window_cross_2, co_window_paths_c, co_window_unsneaky_path_c,
          co_window_unsneaky_path_a, co_window_unsneaky_path_a,
          co_window_of_opportunity_c, co_window_paths_d, glass_columns_c,
          glass_columns_a, glass_columns_a, serial_shops, shop, st_stairs_14,
          grunt_ministairs_7, chequers_serial_rivers_micro_c, uniq_duvessa,
          uniq_pikel
D:8:      layout_layer_cave, uniq_prince_ribbit1
D:9:      layout_rooms, grunt_temple_overflow_holy_war,
          gammafunk_temple_overflow_statue, minmay_lair_entry_grove,
          serial_shops, shop
Temple:   cyrus_temple_forest

Skill      XL: |  1  2  3  4  5  6  7  8  9 10 |
---------------+-------------------------------+-----
Short Blades   | 1 2 3 4 6 7 9 |  9.0
Dodging        | 2 3 4 5 6 |  6.1
Evocations     | 4 5 |  5.7
Fighting       | 2 4 5 |  5.4
Armour         | 3 4 5 |  5.1
Stealth        | 2 3 4 5 |  5.3

Action                   |  1- 3 |  4- 6 |  7- 9 | 10-12 || total
-------------------------+-------+-------+-------+-------++-------
Melee: Club              |    26 |       |       |       ||    26
       Short sword       |   127 |   262 |   369 |   154 ||   912
Evoke: Wand              |     5 |    10 |    30 |       ||    45
  Use: Scroll            |       |     6 |     1 |     3 ||    10
       Potion            |       |       |     3 |       ||     3
 Stab: Sleeping          |       |     4 |     3 |     4 ||    11
       Confused          |       |       |     1 |       ||     1
       Paralysed         |       |       |     1 |       ||     1
Armor: Leather armour    |    63 |    92 |    82 |    27 ||   264
       Chain mail        |       |       |       |     8 ||     8
Dodge: Dodged            |    97 |   160 |   233 |    87 ||   577
